 Dungeon Crawl Stone Soup version 0.31.0-32-g396128a36d (webtiles) character file.

Game seed: 8907069467012604610

4103 Marvel the Cleaver (level 10, -10/96 HPs)
             Began as a Troll Fighter on Mar 15, 2024.
             Was a Priest of Okawaru.
             Mangled by a vampire
             ... wielding a +0 vampiric glaive
              (23 damage)
             ... in a bailey.
             The game lasted 00:07:50 (5315 turns).

Marvel the Cleaver (Troll Fighter)                  Turns: 5315, Time: 00:07:50

Health: -10/96     AC:  4    Str: 36    XL:     10   Next: 6%
Magic:  0/9        EV: 10    Int:  4    God:    Okawaru [***...]
Gold:   303        SH:  9    Dex:  9    Spells: 9/9 levels left

rFire   . . .        m - +1 war axe (freeze)
rCold   . . .        c - +0 kite shield
rNeg    . . .        b - +0 robe
rPois   .            (helmet restricted)
rElec   .            d - scarf {+Inv}
rCorr   .            (gloves unavailable)
SInv    .            (boots unavailable)
Will    .....        s - amulet of guardian spirit
Stlth   +            k - ring of flight
HPRegen 1.16/turn    y - +6 ring of strength
MPRegen 0.11/turn

%: guardian spirit
@: attractive, flying
A: large, unfitting armour, claws 3, regeneration 1, shaggy fur 1, tough skin 1
a: Renounce Religion, Evoke Invisibility, Heroism


You were in a bailey.
You worshipped Okawaru.
Okawaru was most pleased with you.
You visited 2 branches of the dungeon, and saw 8 of its levels.
You also visited: Sewer and Bailey.

You collected 303 gold pieces.

Inventory:

Hand Weapons
 a - a +0 war axe
 m - a +1 war axe of freezing (weapon)
Missiles
 v - 19 poisoned darts (quivered)
Armour
 b - a +0 robe (worn)
 c - a +0 kite shield (worn)
 d - a scarf of invisibility (worn)
Jewellery
 g - a ring of magical power
 i - a ring of wizardry
 k - a ring of flight (left claw)
 s - an amulet of guardian spirit (around neck)
 y - a +6 ring of strength (right claw)
 B - a +6 ring of intelligence
Wands
 p - a wand of roots (10)
Scrolls
 f - a scroll of amnesia {unknown}
 h - 3 scrolls of identify {unknown}
 l - 2 scrolls of revelation {unknown}
 o - 2 scrolls of poison {unknown}
 r - a scroll of noise {unknown}
 w - a scroll of immolation {unknown}
 A - a scroll of fear {unknown}
 C - a scroll of blinking {unknown}
Potions
 e - a potion of berserk rage {unknown}
 j - a potion of cancellation {unknown}
 n - 6 potions of curing {unknown}
 q - 2 potions of haste {unknown}
 t - a potion of attraction
 u - a potion of degeneration {unknown}
 z - a potion of might
 D - a potion of heal wounds {unknown}
Miscellaneous
 x - a condenser vane


   Skills:
 + Level 5.3 Fighting
 + Level 8.8 Axes
 + Level 5.4 Dodging
 + Level 0.9 Stealth
 + Level 6.1 Shields


You had 9 spell levels left.
You didn't know any spells.
Your spell library contained the following spells:

 Spells                   Type           Power      Damage    Failure   Level
 Apportation              Tloc           0%         N/A       67%         1
 Sandblast                Erth           0%         2d4       67%         1
 Shock                    Conj/Air       0%         1d3       67%         1
 Sting                    Conj/Alch      0%         1d3       67%         1
 Ensorcelled Hibernation  Hex/Ice        0%         N/A       80%         2
 Jinxbite                 Hex            0%         N/A       80%         2
 Mercury Vapours          Alch/Air       0%         N/A       80%         2
 Fugue of the Fallen      Necr           0%         N/A       95%         3
 Passwall                 Erth           0%         N/A       95%         3
 Stone Arrow              Conj/Erth      0%         3d7       95%         3
 Swiftness                Air            0%         N/A       95%         3
 Airstrike                Air            0%         2d(0-16)  100%        4
 Anguish                  Hex/Necr       0%         N/A       100%        4
 Brom's Barrelling Bould  Conj/Erth      0%         2d3       100%        4
 Olgreb's Toxic Radiance  Alch           0%         N/A       100%        4
 Alistair's Intoxication  Alch           0%         N/A       100%        5


Dungeon Overview and Level Annotations

Branches:
Dungeon (7/15)             Temple (1/1) D:5           Sewer (visited)
 Bailey (1/1)

Altars:
Ashenzari
Cheibriados
Dithmenos
Elyvilon
Gozag
Hepliaklqana
Kikubaaqudgha
Makhleb
Nemelex Xobeh
Okawaru
Qazlal
Ru
Sif Muna
Trog
Vehumet
Xom
Yredelemnul
The Shining One


Innate Abilities, Weirdness & Mutations

You are too large for most types of armour.
You have claws for hands.
Your natural rate of healing is unusually fast.
You are covered in fur. (AC +1)
You have tough skin. (AC +1)


Message History

You slice the gargoyle!! You freeze the gargoyle.
You destroy the gargoyle!
Okawaru accepts your kill.
You have reached level 10!
You start resting.
HP restored.
No target in view!
Magic restored.
You reach down and open the large door.
There is a large open door here.
A vampire comes into view. It is wielding a +0 vampiric glaive.
The vampire casts a spell.
The vampire flickers and vanishes!
Deactivating autopickup; reactivate with Ctrl-A.
No target in view!
No target in view!
You block something's attack. Something bites you but does no damage.
You hit something. Something hits you! Something bites you.
Something draws strength from your injuries!
You slice something!! Something hits you.
Something bites you but does no damage.
You barely miss something. Something draws life force from you!
You barely miss something. Something hits you! Something bites you.
Something draws strength from your injuries!
You barely miss something. Something hits you but does no damage.
You block something's attack. Something hits you! Something bites you!
Something draws strength from your injuries!
You closely miss something. Something hits you! Something bites you.
Something draws strength from your injuries!
You slash something! You freeze something. Something hits you!!
* * * LOW HITPOINT WARNING * * *
Something bites you.
* * * LOW HITPOINT WARNING * * *
Something draws strength from your injuries!
Okay, then.
Okay, then.
It was a potion of attraction.
You feel attractive to monsters. Something hits you!!
You die...

#..)......#......#+##
###''##...##....8#
##....##...#######
#......##.......8#
#...##...#8......8#
#..# ##..##########
#.. ##..# #8..##..8#
##!).@[!## ##.{!8##
######


There were no monsters in sight!

Vanquished Creatures
  A gargoyle (Bailey)
  Sigmund (D:5)
  An orc warrior (D:5)
  A black bear (D:7)
  A sky beast (D:6)
  An ice beast (D:6)
  6 ogres
  3 centaurs (D:6)
  4 phantoms
  A kobold brigand (D:7)
  2 bullfrogs (D:6)
  3 scorpions (D:6)
  5 wights (D:7)
  5 howler monkeys
  9 vampire bats (Bailey)
  3 bombardier beetles
  3 jellies
  A wolf zombie (Bailey)
  3 hounds
  3 sleepcaps
  8 iguanas
  Natasha (twice) (D:4)
  3 orc wizards
  A hell rat (Sewer)
  18 orc zombies (Bailey)
  3 gnolls (D:5)
  8 adders
  4 river rats
  A dart slug (D:4)
  6 ribbon worms
  22 orcs
  5 ball pythons
  5 bats
  7 endoplasms
  2 giant cockroaches
  5 goblins
  12 hobgoblins
  9 jackals
  6 quokkas
  A frilled lizard (D:1)
  12 kobolds
  12 rats
209 creatures vanquished.

Notes
Turn   | Place    | Note
-------+----------+-------------------------------------------
     0 | D:1      | Marvel the Troll Fighter began the quest for the Orb.
     0 | D:1      | Reached XP level 1. HP: 22/22 MP: 0/0
   278 | D:1      | Reached XP level 2. HP: 28/29 MP: 1/1
   725 | D:2      | Reached skill level 2 in Axes
   816 | D:2      | Reached XP level 3. HP: 31/36 MP: 2/2
  1260 | D:3      | Reached XP level 4. HP: 23/44 MP: 3/3
  1305 | D:3      | Noticed an ogre
  1312 | D:3      | Killed an ogre
  1313 | D:3      | Reached skill level 3 in Axes
  1313 | D:3      | Reached XP level 5. HP: 10/53 MP: 4/4
  1929 | D:4      | Found a glowing drain.
  1936 | Sewer    | Entered a sewer
  1957 | Sewer    | Reached skill level 4 in Axes
  1981 | Sewer    | Reached XP level 6. HP: 14/58 MP: 5/5
  2076 | D:4      | Noticed Natasha
  2081 | D:4      | Killed Natasha
  2788 | D:4      | Noticed Natasha
  2796 | D:4      | Reached XP level 7. HP: 59/67 MP: 6/6
  2797 | D:4      | Killed Natasha
  2821 | D:4      | Reached skill level 5 in Axes
  2888 | D:5      | Entered Level 5 of the Dungeon
  2912 | D:5      | Found a staircase to the Ecumenical Temple.
  2922 | Temple   | Entered the Ecumenical Temple
  2934 | Temple   | Became a worshipper of Warmaster Okawaru
  3070 | D:5      | Noticed Sigmund
  3082 | D:5      | Killed Sigmund
  3083 | D:5      | Reached XP level 8. HP: 46/78 MP: 7/7
  3174 | D:5      | Reached skill level 6 in Axes
  3907 | D:5      | Reached * piety under Okawaru
  4112 | D:6      | Reached skill level 7 in Axes
  4194 | D:6      | Found a glowing golden altar of the Shining One.
  4241 | D:6      | Reached skill level 5 in Shields
  4280 | D:6      | Reached XP level 9. HP: 80/85 MP: 5/8
  4387 | D:6      | Reached ** piety under Okawaru
  4500 | D:6      | Reached skill level 5 in Fighting
  4863 | D:7      | Reached skill level 8 in Axes
  4912 | D:7      | Found a bloodstained altar of Trog.
  5001 | D:7      | Reached skill level 5 in Dodging
  5042 | D:7      | Reached *** piety under Okawaru
  5069 | D:7      | Found a flagged portal.
  5078 | Bailey   | Entered a bailey
  5248 | Bailey   | Noticed a gargoyle
  5255 | Bailey   | Killed a gargoyle
  5256 | Bailey   | Reached XP level 10. HP: 47/96 MP: 4/9
  5315 | Bailey   | Mangled by a vampire

Illustrated notes

Levels and vault maps discovered:
D:1:      dpeg_arrival_round_b, layout_loops_ring
D:2:      layout_basic, due_unseen_surprise
D:3:      layout_loops_ring, nrook_loot_triangle
D:4:      minmay_octagon_keep, layout_loops_corners, lightli_sewer_entry_pipes,
          uniq_natasha
D:5:      layout_basic, minmay_temple_entry_wispy, feat_on_display, uniq_sigmund
D:6:      cheibrodos_barr_body, layout_basic, nicolae_tso_swordbearing_angel
D:7:      layout_gridville, lightli_temple_of_fire, enter_bailey_3, uniq_pikel,
          uniq_maggie, uniq_menkaure
Temple:   nicolae_temple_superstar
Bailey:   bailey_polearm_vampire_castle_hellmonk, bailey

Skill      XL: |  1  2  3  4  5  6  7  8  9 |
---------------+----------------------------+-----
Axes           | 2 3 4 5 7 8 |  8.8
Shields        | 3 4 5 6 |  6.1
Fighting       | 3 4 5 |  5.3
Dodging        | 3 4 5 |  5.4
Stealth        | |  0.9

Action                     |  1- 3 |  4- 6 |  7- 9 | 10-12 || total
---------------------------+-------+-------+-------+-------++-------
  Melee: War axe           |   118 |   128 |   344 |     7 ||   597
  Evoke: Condenser vane    |       |       |     1 |       ||     1
    Use: Potion            |       |     1 |       |     1 ||     2
         Scroll            |       |     1 |     1 |       ||     2
   Stab: Sleeping          |       |       |     1 |       ||     1
 Armour: Robe              |    82 |    66 |   247 |    15 ||   410
  Dodge: Dodged            |    37 |    46 |   154 |       ||   237
  Block: Kite shield       |    56 |    58 |   186 |     2 ||   302
